 Dungeon Crawl Stone Soup version 0.25-a0-547-g27a0b5d (webtiles) character file.

Game seed: 2425005119851706833, levelgen mode: deterministic

674 CanOfBees the Caller (level 7, -7/40 HPs)
             Began as a Deep Elf Summoner on Feb 21, 2020.
             Was a Follower of Sif Muna.
             Mangled by a small abomination (16 damage)
             ... summoned by miscasting Summon Ice Beast
             ... on level 6 of the Dungeon.
             The game lasted 00:14:50 (10550 turns).

CanOfBees the Caller (Deep Elf Summoner)           Turns: 10550, Time: 00:14:51

Health: -7/40      AC:  5    Str:  5    XL:     7   Next: 33%
Magic:  15/25      EV: 13    Int: 22    God:    Sif Muna [*.....]
Gold:   244        SH:  0    Dex: 15    Spells: 2/16 levels left

rFire    + . .     SeeInvis .   r - +0 spear
rCold    . . .     Gourm    .   (no shield)
rNeg     . . .     Faith    +   e - +0 leather armour
rPois    .         Spirit   .   y - +0 helmet
rElec    .         Reflect  .   (no cloak)
rCorr    .         Harm     .   l - +0 pair of gloves
MR       .....                  (no boots)
Stlth    ++........             H - amulet of faith
HPRegen  0.13/turn              u - ring of magical power
MPRegen  0.19/turn              b - ring of protection from fire

@: about to teleport, very slightly contaminated
A: no striking features
a: Channel Magic, Renounce Religion


You were on level 6 of the Dungeon.
You worshipped Sif Muna.
Sif Muna was aware of your devotion.
You were hungry.

You visited 2 branches of the dungeon, and saw 7 of its levels.
You also visited: Sewer.

You collected 244 gold pieces.

Inventory:

Hand Weapons
 r - a +0 spear (weapon)
Missiles
 g - 65 bolts
 n - 257 stones
 p - 45 sling bullets
 s - 18 poisoned darts (quivered)
 w - 68 arrows
Armour
 e - a +0 leather armour (worn)
 l - a +0 pair of gloves (worn)
 y - a +0 helmet (worn)
 E - a +0 cloak
 F - a +1 robe of the Archmagi
Jewellery
 b - a ring of protection from fire (right hand)
 o - an uncursed ring of fire
 u - a ring of magical power (left hand)
 H - an amulet of faith (around neck)
Wands
 x - a wand of acid (4)
Scrolls
 d - 2 scrolls of blinking {unknown}
 i - a scroll of fear {unknown}
 j - a scroll of noise {unknown}
 k - 3 scrolls of remove curse
 m - a scroll of teleportation
 q - 4 scrolls of magic mapping
 v - 2 scrolls of enchant armour {unknown}
 C - a scroll of fog {unknown}
 G - 2 scrolls of identify
 I - a scroll of amnesia {unknown}
Potions
 a - 4 potions of flight
 f - 3 potions of heal wounds {unknown}
 h - a potion of mutation {unknown}
 t - a potion of lignification {unknown}
 z - 2 potions of haste {unknown}
 A - a potion of invisibility {unknown}
 B - a potion of might {unknown}
 D - 3 potions of curing
 K - 2 potions of berserk rage {unknown}
Comestibles
 c - 5 rations


   Skills:
 + Level 2.5 Fighting
 + Level 4.5 Dodging
 - Level 2.4 Stealth
 + Level 5.2 Spellcasting
 + Level 6.0 Summonings
 * Level 3.7 Air Magic


You had 2 spell levels left.
You knew the following spells:

 Your Spells              Type           Power        Failure   Level  Hunger
a - Summon Small Mammal   Summ           ####         1%          1    None
b - Call Imp              Summ           ####....     1%          2    None
c - Call Canine Familiar  Summ           ####....     4%          3    ##.....
d - Summon Lightning Spi  Summ/Air       ####....     22%         4    ####...
e - Summon Ice Beast      Ice/Summ       ###.....     43%         4    ####...

Your spell library contained the following spells:

 Spells                   Type           Power        Failure   Level  Hunger
 Summon Guardian Golem    Hex/Summ       ###.....     14%         3    ##.....


Dungeon Overview and Level Annotations

Branches:
Dungeon (6/15)             Temple (1/1) D:6           Sewer (visited)

Altars:
Ashenzari
Cheibriados
Dithmenos
Elyvilon
Fedhas
Gozag
Hepliaklqana
Kikubaaqudgha
Makhleb
Nemelex Xobeh
Okawaru
Qazlal
Ru
Sif Muna
Trog
Uskayaw
Vehumet
Wu Jian
Xom
Yredelemnul
Zin
The Shining One


Message History

The small abomination hits your ice beast!
Your ice beast dies!
The orc wizard points at you and mumbles some strange words.
The puff of frost hits you!
Your ice beast hits the orc wizard but does no damage.
The small abomination closely misses you.
The small abomination hits your ice beast!
The orc closely misses your ice beast. The small abomination misses you.
The small abomination hits you!
* * * LOW HITPOINT WARNING * * *
Your ice beast hits the orc wizard.
Your ice beast freezes the orc wizard!
The small abomination hits your ice beast!!
Your ice beast dies!
The small abomination closely misses you.
The adder zombie closely misses you.
As you read the scroll of teleportation, it crumbles to dust.
You feel strangely unstable.
The small abomination barely misses you.
The adder zombie barely misses you. The small abomination hits you!
You die...

#.# #.#* ##..Z....* ####.####
#..####........* ##.......##
#...##....(...#*
##..#≈..#..###....?........#*
#...≈≈≈≈≈...#...............,
****#.#≈≈≈≈≈≈≈#.#..#...........#*
.,,.#..≈≈≈≈≈≈oo.#..##.o.<.....#*
..,....≈≈≈.≈≈≈.x..#*##.......##
..,..%≈≈≈≈≈≈≈≈xZ@.# *#......##
,,,...#≈≈≈≈o≈≈#x..# #..##..##
,,,.....≈≈≈≈≈.....###%.#*###
,,,.....#≈..#..#...#..#*
,,,...........###....#*
,,.........#### ##..##
,,...S.##### #####.# ,,....#*
###.###.# ,,,....#* ##...>##.#


You could see 3 small abominations, 2 orc wizards, an orc and an adder zombie.

Vanquished Creatures
  An ice beast (D:5)
  A centaur (D:5)
  A scorpion (D:5)
  A worker ant (D:5)
  A merfolk avatar (Sewer)
  A hound zombie (D:5)
  A hound skeleton (D:4)
  2 adders
  A shadow imp (D:5)
  2 orcs
  3 bats
  5 giant cockroaches
  9 goblins
  A hobgoblin (D:3)
  A quokka (D:3)
  2 ball pythons
  7 frilled lizards
  A jackal skeleton (D:4)
  A kobold (D:2)
  15 rats
57 creatures vanquished.

Vanquished Creatures (collateral kills)
  2 ogres
  A big kobold (D:5)
  A crimson imp (D:5)
  A bullfrog zombie (D:5)
  An orc priest (D:4)
  2 merfolk sirens (Sewer)
  A worker ant (D:5)
  Robin (D:4)
  5 adders
  A river rat (Sewer)
  A shadow imp (D:5)
  3 oozes
  An adder zombie (D:6)
  5 dart slugs
  4 leopard geckos
  10 orcs
  A giant cockroach (D:1)
  3 goblins (D:4)
  6 hobgoblins
  2 jackals (D:3)
  A quokka (D:3)
  3 ball pythons (Sewer)
  3 bats
  4 frilled lizards
  A giant cockroach zombie (D:5)
  12 kobolds
  14 rats
90 creatures vanquished.

Vanquished Creatures (others)
  A ball python (Sewer)
  A rat (Sewer)
  5 toadstools (D:1)
7 creatures vanquished.

Grand Total: 154 creatures vanquished

Notes
Turn   | Place    | Note
-------+----------+-------------------------------------------
     0 | D:1      | CanOfBees the Deep Elf Summoner began the quest for the
                  | Orb.
     0 | D:1      | Reached XP level 1. HP: 10/10 MP: 6/6
   563 | D:1      | Reached XP level 2. HP: 14/16 MP: 6/8
   567 | D:1      | Learned a level 2 spell: Call Imp
  2067 | D:2      | Reached XP level 3. HP: 20/20 MP: 3/9
  2249 | D:2      | Learned a level 3 spell: Call Canine Familiar
  3071 | D:2      | Reached skill level 5 in Summonings
  3081 | D:2      | Reached skill level 1 in Fighting
  3943 | D:3      | Reached XP level 4. HP: 24/25 MP: 5/11
  4719 | D:3      | Learned a level 4 spell: Summon Lightning Spire
  4756 | D:4      | Noticed an ogre
  4771 | D:4      | Killed an ogre
  4771 | D:4      | Reached skill level 1 in Air Magic
  4947 | D:4      | Noticed Robin
  4955 | D:4      | Killed Robin
  5019 | D:4      | Reached XP level 5. HP: 28/29 MP: 13/13
  5841 | D:4      | Found a glowing silver altar of Zin.
  6471 | D:5      | Entered Level 5 of the Dungeon
  6912 | D:5      | Noticed an ice beast
  6926 | D:5      | Killed an ice beast
  6926 | D:5      | Reached XP level 6. HP: 35/35 MP: 15/15
  7877 | D:5      | Reached skill level 5 in Spellcasting
  7877 | D:5      | Reached XP level 7. HP: 17/40 MP: 16/16
  8444 | D:5      | Learned a level 4 spell: Summon Ice Beast
  8608 | D:6      | Found a staircase to the Ecumenical Temple.
  8618 | Temple   | Entered the Ecumenical Temple
  8922 | Temple   | Became a worshipper of Sif Muna the Loreminder
  8968 | D:6      | Found a glowing drain.
  8977 | Sewer    | Entered a sewer
  9259 | Sewer    | Reached skill level 6 in Summonings
  9788 | Sewer    | Reached * piety under Sif Muna
 10543 | D:6      | Noticed a small abomination
 10550 | D:6      | Mangled by a small abomination

Levels and vault maps discovered:
D:1:      ldierk_walled_garden, layout_loops_corners, minmay_misc_feat_roman,
          grunt_decor_arrowhead
D:2:      kennysheep_big_flooded_room, layout_loops_corners
D:3:      layout_basic, first_ration
D:4:      cheibrodos_quashed, layout_basic, zin_statuary, uniq_robin
D:5:      cheibrodos_thug_alley, layout_loops_ring
D:6:      layout_cave_pods, minmay_temple_entry_mist, serial_shops, shop,
          cheibrodos_sewer_entry_drain
Temple:   regret_index_temple_sigil_plot

Skill      XL: |  1  2  3  4  5  6  7 |
---------------+----------------------+-----
Dodging        | 3 4 |  4.5
Summonings     | 5 6 |  6.0
Fighting       | 1 2 |  2.5
Spellcasting   | 4 5 |  5.2
Air Magic      | 1 2 3 |  3.7
Stealth        | |  2.4

Action                   |  1- 3 |  4- 6 |  7- 9 || total
-------------------------+-------+-------+-------++-------
Melee: Unarmed           |     7 |       |       ||     7
       Whip              |    15 |       |       ||    15
       Spear             |    62 |   138 |   100 ||   300
Throw: Stone             |     2 |       |       ||     2
       Dart              |    21 |    34 |       ||    55
 Cast: Summon Small Mamm |    23 |     1 |       ||    24
       Call Imp          |    15 |    15 |     2 ||    32
       Call Canine Famil |     6 |    14 |     5 ||    25
       Summon Lightning  |       |     2 |     5 ||     7
       Summon Ice Beast  |       |       |     5 ||     5
Evoke: Wand              |       |     2 |     2 ||     4
  Use: Scroll            |     4 |     1 |     6 ||    11
       Potion            |       |     1 |     1 ||     2
 Stab: Sleeping          |     4 |     3 |     3 ||    10
       Distracted        |     1 |     3 |       ||     4
  Eat: Ration            |     1 |     1 |       ||     2
       Chunk             |     7 |    11 |     9 ||    27
Armor: Robe              |    35 |       |       ||    35
       Leather armour    |       |    34 |    41 ||    75
Dodge: Dodged            |    77 |    88 |    92 ||   257

Table legend:
 A = Non-vault XP
 B = Vault XP
 C = Vault XP percentage of total XP
 D = Non-vault monster count
 E = Vault monster count
 F = Vault count percentage of total count
                 A         B        C        D         E       F
            +---------+---------+-------+---------+---------+-------
      Total |     751 |     213 |  22.1 |      84 |      63 |  42.9
            +---------+---------+-------+---------+---------+-------
        D:1 |      23 |       0 |   0.0 |      14 |       0 |   0.0
        D:2 |      45 |       8 |  15.1 |      19 |       2 |   9.5
        D:3 |      36 |       0 |   0.0 |      21 |       0 |   0.0
        D:4 |     119 |      23 |  16.2 |      11 |      11 |  50.0
        D:5 |     458 |      62 |  11.9 |      17 |      11 |  39.3
        D:6 |      70 |       0 |   0.0 |       2 |       0 |   0.0
      Sewer |       0 |     120 | 100.0 |       0 |      39 | 100.0
            +---------+---------+-------+---------+---------+-------
